 Dungeon Crawl Stone Soup version 0.27-a0-109-g416527ed24 (webtiles) character file.

Game seed: 4211646494177301602

13708 flappity the Cleaver (level 11, -4/102 HPs)
             Began as a Minotaur Fighter on Jan 25, 2021.
             Was a Believer of Makhleb.
             Killed by the air
             ... invoked by Gastronok
              (30 damage)
             ... on level 11 of the Dungeon.
             The game lasted 00:13:25 (12491 turns).

flappity the Cleaver (Minotaur Fighter)            Turns: 12491, Time: 00:13:26

Health: -4/102     AC: 17    Str: 28    XL:     11   Next: 79%
Magic:  10/10      EV: 13    Int:  5    God:    Makhleb [**....]
Gold:   721        SH: 15    Dex: 12    Spells: 10/10 levels left

rFire    . . .     SeeInvis .   e - +0 war axe (vorpal)
rCold    + . .     Faith    .   c - +2 kite shield
rNeg     . . .     Spirit   .   t - +0 plate armour {rC+}
rPois    .         Reflect  .   (helmet restricted)
rElec    .         Harm     .   j - +1 cloak
rCorr    .         Rampage  .   (no gloves)
Will     .....                  (no boots)
Stlth    ..........             (no amulet)
HPRegen  0.27/turn              l - +4 ring of evasion
MPRegen  0.12/turn              w - +6 ring of strength

@: slowed, very slow
A: retaliatory headbutt, horns 2
a: Renounce Religion, Minor Destruction


You were on level 11 of the Dungeon.
You worshipped Makhleb.
Makhleb was pleased with you.
You visited 1 branch of the dungeon, and saw 11 of its levels.
You also visited: Sewer.

You collected 721 gold pieces.


Innate Abilities, Weirdness & Mutations

You reflexively headbutt those who attack you in melee.
You have a pair of horns on your head.


   Skills:
 * Level 11.3 Fighting
 * Level 13.6 Axes
 + Level 10.5 Armour
 + Level 4.0 Dodging
 + Level 10.5 Shields


You had 10 spell levels left.
You didn't know any spells.
Your spell library contained the following spells:

 Spells                   Type           Power        Failure   Level
 Beastly Appendage        Tmut           0%           100%        1
 Corona                   Hex            0%           100%        1
 Magic Dart               Conj           0%           100%        1
 Blink                    Tloc           N/A          100%        2
 Call Imp                 Summ           0%           100%        2
 Corpse Rot               Necr/Air       N/A          100%        2
 Ensorcelled Hibernation  Hex/Ice        0%           100%        2
 Slow                     Hex            0%           100%        2
 Wereblood                Tmut           0%           100%        2
 Confusing Touch          Hex            0%           100%        3
 Conjure Flame            Conj/Fire      0%           100%        3
 Dazzling Flash           Conj/Hex       0%           100%        3
 Mephitic Cloud           Conj/Pois/Air  0%           100%        3
 Spider Form              Tmut/Pois      0%           100%        3
 Stone Arrow              Conj/Erth      0%           100%        3
 Tukima's Dance           Hex            0%           100%        3
 Ice Form                 Ice/Tmut       0%           100%        4
 Blade Hands              Tmut           0%           100%        5
 Summon Forest            Summ/Tloc      0%           100%        5
 Eringya's Noxious Bog    Tmut/Pois      0%           100%        6
 Hydra Form               Tmut           0%           100%        6
 Summon Hydra             Summ           0%           100%        7

Inventory:

Hand Weapons
 e - a +0 vorpal war axe (weapon)
   (You found it on level 5 of the Dungeon)
Missiles
 B - 12 boomerangs
 C - 49 poisoned darts (quivered)
Armour
 a - a +0 scale mail of willpower
   (You took it off an orc on level 9 of the Dungeon)
 c - a +2 kite shield (worn)
 j - a +1 cloak (worn)
 q - a +0 chain mail
 s - a scarf of repulsion
   (You found it in a sewer)
 t - a +0 plate armour of cold resistance (worn)
   (You took it off an orc warrior on level 9 of the Dungeon)
Jewellery
 k - an uncursed ring of willpower
 l - a +4 ring of evasion (left hand)
 w - a +6 ring of strength (right hand)
 x - an uncursed amulet of faith
 D - an uncursed ring of magical power
Wands
 y - a wand of polymorph (4)
 A - a wand of digging (4)
Scrolls
 b - 3 scrolls of remove curse
 g - 6 scrolls of teleportation
 o - 4 scrolls of fear
 u - a scroll of identify
 E - a scroll of holy word
 F - a scroll of magic mapping
Potions
 d - a potion of might
 f - 2 potions of attraction
 h - a potion of brilliance
 i - a potion of heal wounds
 m - 2 potions of curing
 n - 2 potions of degeneration
 p - a potion of haste
 r - a potion of flight
 v - 2 potions of mutation
 z - 2 potions of invisibility


Message History

You furiously retaliate!
You headbutt Sonja! Sonja hits you but does no damage.
Space warps horribly around you! You block Sonja's attack.
You take 10 damage.
You hit Sonja but do no damage.
Sonja is heavily wounded.
You feel sick.
Sonja mumbles some strange words.
Sonja blinks!
Sonja drinks a potion.
Sonja is healed!
A shadow comes into view.
You take 1 damage.
Throw: 50 darts (poison)
Press: ? - help, Q - select action Shift-Dir - straight line, f - Sonja
Aim: Sonja, wielding a +1 dagger of distortion and quivering 7 curare-tipped darts (moderately wounded)
You throw a poisoned dart. The poisoned dart misses Sonja.
You feel sick. Sonja hits you but does no damage.
You blink.
You block the shadow's attack.
Gastronok the Ponderous comes into view.
He is wearing a +0 hat of intelligence.
You take 1 damage.
You feel sick.
Gastronok gurgles horribly!
The shadow slips into darkness.
The shadow flickers and vanishes!
Deactivating autopickup; reactivate with Ctrl-A.
Gastronok bites you.
You take 5 damage.
You slice Gastronok!!
Gastronok is moderately wounded.
You barely miss something.
Sonja shouts, "Too slow!"
Sonja throws a curare-tipped dart.
You block the curare-tipped dart.
The shadow strikes at you from the darkness!
Reactivating autopickup.
You block Gastronok's attack.
Sonja throws a curare-tipped dart.
The curare-tipped dart completely misses you.
You take 21 damage.
You slash Gastronok! You headbutt Gastronok!
Gastronok is moderately wounded.
You closely miss the shadow.
You feel sick.
Sonja throws a curare-tipped dart.
The curare-tipped dart hits you.
You are more poisoned.
You have difficulty breathing.
You feel as though you will be slow longer.
The shadow hits you.
You take 6 damage.
You feel better. You block the shadow's attack.
Sonja throws a curare-tipped dart.
You block the curare-tipped dart.
Gastronok waves his eye-stalks in wide circles.
The air twists around and strikes you!!
You die...

∙∙∙∙∙P∙∙∙▒▒▒▒∙∙∙
)∙∙∙∙PPP∙▒ ▒∙∙∙∙∙∙▒
)>∙P∙∙P∙P▒▒ ▒∙∙∙∙∙∙▒
∙∙P∙PPP∙P∙▒ ▒∙∙∙∙∙∙▒
∙∙∙∙PPP∙∙∙▒ ▒∙∙∙∙∙∙▒
∙∙∙PP∙P∙∙∙▒ ▒∙∙∙∙∙∙▒
∙∙∙PPPP∙∙∙▒ ▒∙∙∙∙(∙▒
∙∙∙∙∙∙∙∙∙▒▒ ▒∙∙∙∙∙∙▒
P∙∙P∙PP▒∙▒ ▒∙∙wHW∙▒
PP∙P∙∙∙▒∙▒ ▒∙∙∙∙∙∙∙∙∙∙∙∙
∙∙PP∙∙▒▒∙▒ ▒∙∙∙∙∙∙"∙∙∙∙∙
∙∙P∙∙P∙∙∙▒ ▒∙∙∙∙∙∙∙∙∙∙∙∙
∙∙∙∙∙∙∙∙∙▒▒▒▒K∙∙∙∙∙∙∙∙∙∙∙
∙∙∙▒▒▒▒%∙∙K((∙∙∙∙∙∙∙∙(∙∙∙
∙∙∙▒ ▒∙∙∙∙∙∙∙▒▒▒▒∙∙∙∙∙∙∙
∙∙∙▒ ▒∙∙∙∙∙∙∙▒


∙∙∙∙∙∙∙ ∙∙∙▒ ▒∙∙∙∙∙∙∙▒ You could see Gastronok, Sonja and a shadow.

Vanquished Creatures
  4 two-headed ogres
  2 unseen horrors
  An ugly thing (D:8)
  2 cyclopes (D:11)
  A troll (D:11)
  19 yaks
  A wraith (D:11)
  A wyvern (D:8)
  A soldier ant (D:9)
  3 water moccasins (D:11)
  A sky beast (D:8)
  4 black bears
  5 orc warriors
  An ice beast (D:7)
  Purgy (Sewer)
  An eye of draining (D:4)
  6 ogres
  A phantom (D:4)
  3 centaurs
  2 necrophages
  2 big kobolds (D:8)
  2 bullfrogs (D:11)
  5 scorpions
  9 killer bees
  8 wights
  An electric eel (D:7)
  A bullfrog zombie (D:11)
  A centaur zombie (D:8)
  A quasit (D:10)
  An orc priest (D:9)
  8 orc wizards
  2 bullfrog skeletons
  A jelly (D:6)
  3 centaur skeletons
  14 hounds
  5 iguanas
  10 worker ants
  8 gnolls
  17 adders
  2 howler monkey skeletons
  A shadow imp (D:7)
  A white imp (D:4)
  An ufetubus (D:8)
  2 oozes
  2 adder skeletons
  2 adder zombies
  3 worms
  2 dart slugs
  8 leopard geckos
  26 orcs
  3 bats
  10 giant cockroaches
  9 goblins
  5 hobgoblins
  6 jackals
  3 quokkas
  3 ball pythons
  4 frilled lizards
  11 kobolds
  A quokka zombie (D:8)
  7 rats
271 creatures vanquished.

Vanquished Creatures (others)
  18 fungi (D:11)
  21 plants
39 creatures vanquished.

Grand Total: 310 creatures vanquished

Notes
Turn   | Place    | Note
-------+----------+-------------------------------------------
     0 | D:1      | flappity the Minotaur Fighter began the quest for the Orb.
     0 | D:1      | Reached XP level 1. HP: 19/19 MP: 0/0
   195 | D:1      | Reached XP level 2. HP: 27/27 MP: 1/1
   308 | D:1      | Reached skill level 3 in Axes
   956 | D:1      | Reached skill level 4 in Armour
   956 | D:1      | Reached skill level 4 in Shields
   968 | D:1      | Reached XP level 3. HP: 33/33 MP: 2/2
  1025 | D:1      | Reached skill level 4 in Fighting
  1470 | D:2      | Found an opulent altar of Gozag.
  1644 | D:2      | Reached XP level 4. HP: 40/40 MP: 3/3
  2191 | D:3      | Reached skill level 4 in Axes
  2339 | D:3      | Reached XP level 5. HP: 41/47 MP: 4/4
  2468 | D:3      | Found a shadowy altar of Dithmenos.
  3093 | D:4      | Noticed an eye of draining
  3103 | D:4      | Killed an eye of draining
  3104 | D:4      | Reached skill level 5 in Axes
  3104 | D:4      | Reached XP level 6. HP: 55/55 MP: 0/5
  3166 | D:4      | Reached skill level 5 in Fighting
  3171 | D:4      | Reached skill level 5 in Armour
  3171 | D:4      | Reached skill level 5 in Shields
  3306 | D:4      | Reached skill level 6 in Axes
  3586 | D:4      | Reached XP level 7. HP: 53/61 MP: 6/6
  3815 | D:4      | Found a shadowy altar of Dithmenos.
  3874 | D:4      | Found a white marble altar of Elyvilon.
  3992 | D:5      | Entered Level 5 of the Dungeon
  4063 | D:5      | Reached skill level 7 in Axes
  4088 | D:5      | Found a glowing drain.
  4130 | Sewer    | Entered a sewer
  4222 | Sewer    | Noticed Purgy
  4244 | Sewer    | Killed Purgy
  4245 | Sewer    | Reached skill level 6 in Fighting
  4245 | Sewer    | Reached skill level 6 in Armour
  4245 | Sewer    | Reached skill level 6 in Shields
  4417 | D:5      | Found a glowing silver altar of Zin.
  4765 | D:5      | Reached XP level 8. HP: 70/70 MP: 7/7
  4770 | D:5      | Found a burning altar of Makhleb.
  5059 | D:6      | Found a staircase to the Ecumenical Temple.
  5270 | D:6      | Reached skill level 8 in Axes
  5729 | D:7      | Found a snail-covered altar of Cheibriados.
  6049 | D:7      | Reached skill level 7 in Fighting
  6049 | D:7      | Reached skill level 7 in Armour
  6049 | D:7      | Reached skill level 7 in Shields
  6239 | D:7      | Got a slimy silver ring
  6268 | D:7      | Identified the ring "Noatzij" {Fire +Fly rPois Int-5} (You
                  | found it on level 7 of the Dungeon)
  6433 | D:7      | Reached skill level 9 in Axes
  6884 | D:8      | Reached XP level 9. HP: 78/79 MP: 8/8
  7605 | D:8      | Reached skill level 10 in Axes
  7644 | D:8      | Noticed a two-headed ogre
  7650 | D:8      | Killed a two-headed ogre
  7651 | D:8      | Reached skill level 8 in Fighting
  7651 | D:8      | Reached skill level 8 in Armour
  7651 | D:8      | Reached skill level 8 in Shields
  7653 | D:8      | Noticed a purple ugly thing
  7663 | D:8      | HP: 19/81 [purple ugly thing (15)]
  7664 | D:8      | HP: 4/81 [purple ugly thing (10)]
  7998 | D:8      | Killed an unseen horror
  7999 | D:8      | Reached skill level 11 in Axes
  8019 | D:8      | Killed a purple ugly thing
  8020 | D:8      | Reached XP level 10. HP: 40/90 MP: 9/9
  8488 | D:5      | Became a worshipper of Makhleb the Destroyer
  8619 | D:9      | HP: 25/90 [yak (7)]
  8627 | D:9      | Reached skill level 9 in Fighting
  8627 | D:9      | Reached skill level 9 in Armour
  8627 | D:9      | Reached skill level 9 in Shields
  9070 | D:9      | Reached skill level 12 in Axes
  9131 | D:9      | Found a runed translucent door.
  9132 | D:9      | Noticed a flayed ghost
  9143 | D:9      | HP: 22/91 [orc warrior/+0 dire flail (10)]
  9594 | D:9      | Noticed a two-headed ogre
  9804 | D:9      | Killed a two-headed ogre
  9805 | D:9      | Reached skill level 1 in Dodging
 10041 | D:9      | Got a faintly humming scale mail
 10042 | D:9      | Identified the +3 scale mail "Xamu" {rF+ Int+3 Dex-5} (You
                  | found it on level 9 of the Dungeon)
 10131 | D:9      | Found a sparkling altar of Nemelex Xobeh.
 10132 | D:9      | Found a broken altar of Ashenzari.
 10339 | D:10     | Entered Level 10 of the Dungeon
 10349 | D:10     | Reached XP level 11. HP: 98/99 MP: 10/10
 10362 | D:10     | Reached * piety under Makhleb
 10385 | D:10     | Got an ichor-stained shortbow
 10386 | D:10     | Identified the +1 shortbow of Zoucrusm {freeze, MP+9 Dex+2}
                  | (You found it on level 10 of the Dungeon)
 10508 | D:10     | Reached skill level 10 in Fighting
 10657 | D:10     | Noticed a two-headed ogre
 10799 | D:10     | Killed a two-headed ogre
 10800 | D:10     | Reached skill level 2 in Dodging
 11186 | D:10     | HP: 26/100 [something (5)]
 11191 | D:10     | HP: 22/100 [something (1)]
 11193 | D:10     | HP: 10/100 [something (7)]
 11200 | D:10     | HP: 20/100 [something (1)]
 11202 | D:10     | Killed an unseen horror
 11203 | D:10     | Reached skill level 10 in Armour
 11203 | D:10     | Reached skill level 10 in Shields
 11771 | D:11     | Found a staircase to the Orcish Mines.
 11783 | D:11     | Reached skill level 13 in Axes
 11856 | D:11     | Noticed a two-headed ogre
 11874 | D:11     | Killed a two-headed ogre
 11875 | D:11     | Reached skill level 3 in Dodging
 12155 | D:11     | Reached skill level 11 in Fighting
 12307 | D:11     | Found a staircase to the Lair.
 12314 | D:11     | Reached ** piety under Makhleb
 12353 | D:11     | Reached skill level 4 in Dodging
 12479 | D:11     | Noticed Sonja
 12488 | D:11     | Noticed Gastronok
 12489 | D:11     | HP: 26/102 [something (21)]
 12491 | D:11     | Killed from afar by Gastronok

Levels and vault maps discovered:
D:1:      dpeg_arrival_solitude, layout_basic
D:2:      kennysheep_the_goblin_king, layout_basic, grunt_gozag_statues
D:3:      layout_loops_cross, old_standard_altar, serial_undead,
          serial_undead_f, serial_undead_d, serial_undead_d, serial_undead_e
D:4:      layout_cave_pools, kennysheep_little_box, grunt_dithmenos_shadows
D:5:      layout_loops_ring, makhleb_blood_cavern_becter,
          overflow_temple_1_default, gup_sewer_entry_glass,
          chequers_serial_rivers_micro_b
D:6:      layout_rooms, minmay_temple_entry_nine_rooms, nicolae_lava_and_water
D:7:      layout_basic, slow_altar_1, serial_bayou_pond_b
D:8:      layout_rooms, minivault_19, dk_noncrumbling_3, grunt_ministairs_15,
          minmay_manual_mess
D:9:      layout_cross, nicolae_overflow_hidden_temple, serial_column_ruins,
          column_ruins_square_large, column_ruins_hut, column_ruins_grid_1,
          column_ruins_open_tiny_water, column_ruins_corridor_water,
          column_ruins_corridor_corner, column_ruins_grid_1,
          column_ruins_open_small, column_ruins_corridor_straight, minivault_13
D:10:     layout_cave_pools
D:11:     layout_long_grid, due_lair_maze_entry_diamond,
          kennysheep_generic_room_12, uniq_sonja, uniq_gastronok

Action                   |  1- 3 |  4- 6 |  7- 9 | 10-12 || total
-------------------------+-------+-------+-------+-------++-------
Melee: War axe           |    79 |   126 |   285 |   286 ||   776
       Headbutt          |     9 |    19 |    55 |    76 ||   159
Throw: Dart              |       |       |       |     1 ||     1
  Use: Scroll            |       |     6 |    21 |     4 ||    31
       Potion            |       |       |     1 |     6 ||     7
Armor: Scale mail        |    32 |    41 |       |    12 ||    85
       Chain mail        |       |     2 |   120 |    22 ||   144
       Plate armour      |       |       |       |    65 ||    65
Dodge: Dodged            |    23 |    66 |   115 |    92 ||   296
Block: Kite shield       |    47 |    67 |   188 |   183 ||   485
